 Dungeon Crawl Stone Soup version 0.23-a0-139-ga22e90c (webtiles) character file.

16 Amnesiac the Gusty (level 2, -3/19 HPs)
             Began as a Mummy Air Elementalist on Aug 30, 2018.
             Killed from afar by Blork the orc (15 damage)
             ... with a puff of flame
             ... on level 4 of the Dungeon.
             The game lasted 00:01:20 (383 turns).

Amnesiac the Gusty (Mummy Air Elementalist)          Turns: 383, Time: 00:01:21

Health: -3/19      AC:  2    Str: 11    XL:     2   Next: 41%
Magic:  0/6        EV: 12    Int: 14    God:
Gold:   40         SH:  0    Dex: 12    Spells: 4/7 levels left

rFire    x . .     SeeInvis .   a - +0 long sword
rCold    + . .     Gourm    .   (no shield)
rNeg     + + +     Faith    .   d - +0 robe
rPois    ∞         Spirit   .   (no helmet)
rElec    .         Reflect  .   (no cloak)
rCorr    .         Harm     .   (no gloves)
MR       .....                  (no boots)
Stlth    ++........             (no amulet)
HPRegen  0.06/turn              (no ring)
MPRegen  0.10/turn              (no ring)

@: no status effects
A: no food or potions, fire vulnerability, cold resistance 1, negative energy
resistance 3, torment resistance, unbreathing
a: no special abilities


You were on level 4 of the Dungeon.
You were not hungry.

You visited 1 branch of the dungeon, and saw 4 of its levels.

You collected 40 gold pieces.

Inventory:

Hand Weapons
 a - a +0 long sword (weapon)
 b - a +2 dagger of draining
Armour
 d - a +0 robe (worn)
Scrolls
 c - a scroll of identify {!r, unknown}
 e - a scroll of remove curse {!r, unknown}


   Skills:
 - Level 1.5 Dodging
 - Level 1.5 Stealth
 + Level 3.0 Spellcasting
 - Level 0.7 Conjurations
 * Level 3.0 Air Magic


You had 4 spell levels left.
You knew the following spells:

 Your Spells              Type           Power        Failure   Level  Hunger
a - Shock                 Conj/Air       #...         10%         1    N/A
z - Swiftness             Chrm/Air       #.......     17%         2    N/A

Your spell library contained the following spells:

 Spells                   Type           Power        Failure   Level  Hunger
 Static Discharge         Conj/Air       #.......     30%         3    N/A
 Airstrike                Air            ##........   52%         4    N/A
 Lightning Bolt           Conj/Air       #.........   95%         5    N/A

Dungeon Overview and Level Annotations

Branches:
Dungeon (4/15)
 Temple: D:4-7

Altars:

Annotations:
D:2 Sigmund
D:4 Blork the orc


Innate Abilities, Weirdness & Mutations

You do not eat or drink.
Your flesh is vulnerable to fire.
You are immune to poison.
Your flesh is cold resistant. (rC+)
You are immune to negative energy. (rN+++)
You are immune to unholy pain and torment.
You can survive without breathing.


Message History

You start waiting.
Blork the orc is too close now for your liking.
Casting: Shock (safe; 10% risk of failure)
Confirm with . or Enter, or press ? or * to list all spells.
Aiming: Shock (safe; 10% risk of failure)
Press: ? - help, Shift-Dir - straight line, f - Blork the orc
Aim: Blork the orc, wielding a long sword of holy wrath and wearing a robe The zap hits Blork the orc.
Blork the orc appears unharmed.
The zap hits Blork the orc.
Blork the orc completely resists.
Unknown command.
Casting: Shock (safe; 10% risk of failure)
Confirm with . or Enter, or press ? or * to list all spells.
Aiming: Shock (safe; 10% risk of failure)
Press: ? - help, Shift-Dir - straight line, f/p - Blork the orc
Aim: Blork the orc, wielding a long sword of holy wrath and wearing a robe The zap hits Blork the orc.
Blork the orc appears unharmed.
The zap hits Blork the orc.
Blork the orc completely resists.
Blork the orc gestures at you while chanting.
The magic dart hits you!
Unknown command.
Casting: Shock (safe; 10% risk of failure)
Confirm with . or Enter, or press ? or * to list all spells.
Aiming: Shock (safe; 10% risk of failure)
Press: ? - help, Shift-Dir - straight line, f/p - Blork the orc
Aim: Blork the orc, wielding a long sword of holy wrath and wearing a robe The zap misses Blork the orc.
The zap hits Blork the orc.
Blork the orc resists.
Blork the orc is lightly wounded.
Unknown command.
Casting: Shock (safe; 10% risk of failure)
Confirm with . or Enter, or press ? or * to list all spells.
Aiming: Shock (safe; 10% risk of failure)
Press: ? - help, Shift-Dir - straight line, f/p - Blork the orc
Aim: Blork the orc, wielding a long sword of holy wrath and wearing a robe The zap hits Blork the orc.
Blork the orc resists.
Blork the orc is lightly wounded.
The zap hits Blork the orc.
Blork the orc resists.
Blork the orc is lightly wounded.
Blork the orc barely misses you.
Casting: Shock (safe; 10% risk of failure)
Confirm with . or Enter, or press ? or * to list all spells.
Aiming: Shock (safe; 10% risk of failure)
Press: ? - help, Shift-Dir - straight line, f/p - Blork the orc
Aim: Blork the orc, wielding a long sword of holy wrath and wearing a robe The zap hits Blork the orc.
Blork the orc resists.
Blork the orc is lightly wounded.
The zap hits Blork the orc.
Blork the orc completely resists.
Blork the orc is lightly wounded.
Blork the orc gestures wildly while chanting.
Blork the orc seems to speed up.
Unknown command.
Casting: Shock (safe; 10% risk of failure)
Confirm with . or Enter, or press ? or * to list all spells.
Aiming: Shock (safe; 10% risk of failure)
Press: ? - help, Shift-Dir - straight line, f/p - Blork the orc
Aim: Blork the orc, wielding a long sword of holy wrath and wearing a robe The zap hits Blork the orc.
Blork the orc appears unharmed.
Blork the orc is lightly wounded.
The zap misses Blork the orc.
Blork the orc barely misses you.
Unknown command.
Blork the orc casts a spell at you. The puff of flame hits you!
The fire burns you terribly!
Ouch! That really hurt!
You die...

#.# #.#
#.#
#o#.#.#
#.#.#.#
#.#.#(#
#.#.#.#
#.#.#.#
#.#.#.#
#.#.#@#
#..o..#
###.###
#<# ###


You could see Blork the orc.

Vanquished Creatures
  An adder (D:3)
  An orc (D:3)
  A giant cockroach (D:1)
  A goblin (D:1)
  A kobold (D:3)
  A frilled lizard (D:3)
  A rat (D:3)
7 creatures vanquished.

Notes
Turn   | Place    | Note
-------+----------+-------------------------------------------
     0 | D:1      | Amnesiac the Mummy Air Elementalist began the quest for the
                  | Orb.
     0 | D:1      | Reached XP level 1. HP: 13/13 MP: 4/4
   164 | D:2      | Noticed Sigmund
   274 | D:3      | Reached XP level 2. HP: 14/19 MP: 3/6
   278 | D:3      | Learned a level 2 spell: Swiftness
   362 | D:4      | Noticed Blork the orc
   383 | D:4      | Killed from afar by Blork the orc

Vault maps used:
D:1:      minmay_arrival_four_houses, minmay_bisected
D:2:      nemelex_lonely_heart_becter, uniq_sigmund
D:3:      uniq_terence
D:4:      nicolae_overflow_crystal_walls, first_ration,
          makhleb_altar_promises_db, uniq_blork_the_orc

Skill      XL: |  1 |
---------------+----+-----
Spellcasting   | 3 |  3.0
Air Magic      | 3 |  3.0
Dodging        | |  1.5
Stealth        | |  1.5
Conjurations   | |  0.7

Action                   || total
-------------------------++-------
 Cast: Shock             ||    17
Armor: Robe              ||     1
Dodge: Dodged            ||     5
       Rpst.: Long sword ||     1

Table legend:
 A = Non-vault XP
 B = Vault XP
 C = Vault XP percentage of total XP
 D = Non-vault monster count
 E = Vault monster count
 F = Vault count percentage of total count
                 A         B        C        D         E       F
            +---------+---------+-------+---------+---------+-------
      Total |      24 |       0 |   0.0 |       7 |       0 |   0.0
            +---------+---------+-------+---------+---------+-------
        D:1 |       4 |       0 |   0.0 |       2 |       0 |   0.0
        D:3 |      20 |       0 |   0.0 |       5 |       0 |   0.0
            +---------+---------+-------+---------+---------+-------
